[Event "European Womens-ch 2025"]
[Site "Rhodes"]
[Date "2025.04.08"]
[Round "8.1"]
[White "Khotenashvili, Bella"]
[Black "Injac, Teodora"]
[Result "0-1"]
[Annotator "RC"]
[ECO "A05"]
[WhiteElo "2418"]
[BlackElo "2454"]
[PlyCount "66"]
[EventDate "2025.03.29"]
[EventType "swiss"]
[EventCountry "GRE"]
[SourceTitle "playchess.com"]
[Source "ChessBase"]
[SourceQuality "1"]
[TimeControl "40/5400+30:1800+30"]

1. b3 Nf6 2. Bb2 g6 3. g3 d5 4. Nf3 c5 5. c4 d4 6. b4 Bg7 7. Bg2 O-O 8. O-O Re8 9. bxc5 Ne4 10. d3 Nxc5 11. Nbd2 e5 12. Ba3 Nba6 13. Nb3 Bf8 14. h4 Bd7 15. Ng5 Bc6 16. Bxc6 bxc6 17. Nxc5 Nxc5 18. Bxc5 Bxc5 19. Qa4 Be7 20. Ne4 f5 21. Nd2 Qc7 22. Rfb1 e4 23. c5 Bf6 24. Nc4 Be5 25. Kg2 exd3 26. exd3 Bxg3 27. fxg3 Re2+ 28. Kh3 g5 29. Ne5 g4+ 30. Nxg4 fxg4+ 31. Kxg4 h5+ 32. Kxh5 Qf7+ 33. Kg4 Qe6+ 0-1

[Event "European Womens-ch 2025"]
[Site "Rhodes"]
[Date "2025.04.08"]
[Round "8.2"]
[White "Mkrtchian, Lilit"]
[Black "Kirtadze, Anastasia"]
[Result "1-0"]
[Annotator "RC"]
[ECO "D05"]
[WhiteElo "2388"]
[BlackElo "2180"]
[PlyCount "61"]
[EventDate "2025.03.29"]
[EventType "swiss"]
[EventCountry "GRE"]
[SourceTitle "playchess.com"]
[Source "ChessBase"]
[SourceQuality "1"]
[TimeControl "40/5400+30:1800+30"]

1. d4 d5 2. Nf3 Nf6 3. e3 c5 4. c3 Nc6 5. dxc5 e5 6. b4 Qc7 7. Nbd2 Be7 8. Bb2 O-O 9. Be2 Bf5 10. O-O Rad8 11. a3 h6 12. c4 d4 13. exd4 exd4 14. Re1 d3 15. Bf1 a5 16. Bc3 g5 17. g3 g4 18. Nh4 Bh7 19. Re3 h5 20. Qe1 Rd7 21. b5 Nd8 22. b6 Qxc5 23. Re5 Nd5 24. Nf5 Bxf5 25. Rxf5 Qc8 26. Rxd5 Rxd5 27. Qxe7 Rf5 28. Bxd3 Nc6 29. Qe4 Ne7 30. Qxe7 Rc5 31. Qf6 1-0

[Event "European Womens-ch 2025"]
[Site "Rhodes"]
[Date "2025.04.08"]
[Round "8.3"]
[White "Milliet, Sophie"]
[Black "Bulmaga, Irina"]
[Result "0-1"]
[Annotator "RC"]
[ECO "E15"]
[WhiteElo "2371"]
[BlackElo "2362"]
[PlyCount "140"]
[EventDate "2025.03.29"]
[EventType "swiss"]
[EventCountry "GRE"]
[SourceTitle "playchess.com"]
[Source "ChessBase"]
[SourceQuality "1"]
[TimeControl "40/5400+30:1800+30"]

1. d4 Nf6 2. c4 e6 3. Nf3 b6 4. g3 Ba6 5. Qc2 Bb7 6. Bg2 c5 7. d5 exd5 8. cxd5 Nxd5 9. O-O Be7 10. Rd1 Nc7 11. Nc3 Qc8 12. Bf4 O-O 13. Bd6 Bxd6 14. Rxd6 h6 15. Rad1 Ne8 16. R6d2 d6 17. e4 Na6 18. a3 Nac7 19. Nh4 Qe6 20. Nf5 Rd8 21. Ne2 Bc8 22. b4 g6 23. Nf4 Qe5 24. Ne3 Nb5 25. Nxg6 fxg6 26. Qc4+ d5 27. Qxb5 Nd6 28. Qe2 d4 29. Nd5 Be6 30. f4 Qg7 31. e5 Nf5 32. Nf6+ Rxf6 33. exf6 Qxf6 34. bxc5 bxc5 35. Qa6 c4 36. Re2 Rd6 37. Qxa7 d3 38. Qb8+ Kf7 39. Re5 Qd8 40. Qa7+ Rd7 41. Qa6 Rd6 42. Qa7+ Ne7 43. Rc5 Ra6 44. Qc7 Qd4+ 45. Kh1 Rxa3 46. Qe5 Qxe5 47. fxe5 d2 48. h3 c3 49. Be4 Bf5 50. Bf3 c2 51. Rxd2 Rxf3 52. Kg2 Rb3 53. Rf2 Ke6 54. g4 Be4+ 55. Kh2 Rb1 56. Rfxc2 Bxc2 57. Rxc2 Kxe5 58. Re2+ Kf6 59. h4 Nd5 60. Ra2 Ke5 61. Ra5 Ke4 62. Kg3 Rg1+ 63. Kh3 Nf4+ 64. Kh2 Rg2+ 65. Kh1 Rxg4 66. Ra4+ Ke5 67. Kh2 Rxh4+ 68. Kg3 Rh3+ 69. Kg4 h5+ 70. Kg5 Rg3+ 0-1

[Event "European Womens-ch 2025"]
[Site "Rhodes"]
[Date "2025.04.08"]
[Round "8.4"]
[White "Danielian, Elina"]
[Black "Batsiashvili, Nino"]
[Result "1/2-1/2"]
[Annotator "TA"]
[ECO "A43"]
[WhiteElo "2398"]
[BlackElo "2473"]
[PlyCount "189"]
[EventDate "2025.03.29"]
[EventType "swiss"]
[EventCountry "GRE"]
[SourceTitle "playchess.com"]
[Source "ChessBase"]
[SourceQuality "1"]
[TimeControl "40/5400+30:1800+30"]

1. Nf3 Nf6 2. g3 c5 3. Bg2 Nc6 4. d4 cxd4 5. Nxd4 e5 6. Nb3 d5 7. O-O Be7 8. Bg5 Be6 9. Nc3 d4 10. Bxf6 gxf6 11. Ne4 (11. Na4 $1 $11) 11... Bd5 ({Black should play} 11... Qb6 $1 $15) 12. e3 f5 13. Ned2 Bxg2 14. Kxg2 Qd5+ 15. Qf3 Qxf3+ {[%emt 0:12:41] A sharp opening} 16. Nxf3 dxe3 17. fxe3 Nb4 (17... Kd7 $11) 18. Rf2 $16 Rc8 {[%emt 0:10:07] [#]} 19. Rc1 (19. c3 $1 $16 Nd3 20. Rd2) 19... Bf6 $14 20. a3 Nd5 21. Re2 Rg8 22. c4 Nc7 23. Rd2 Ne6 24. Kf2 h5 25. c5 {[%emt 0:01:14] [#]} h4 $1 26. Rd5 (26. Nxh4 Bxh4) 26... hxg3+ 27. hxg3 f4 28. gxf4 exf4 29. Na5 fxe3+ (29... Bxb2 30. Rc2 Bxa3 31. Nxb7 $11) 30. Kxe3 Bxb2 31. Rc2 Bxa3 32. Nxb7 Rc7 33. c6 Ke7 34. Ra5 Bb4 $36 {[%emt 0:00:23][%mdl 2048] Black is more active.} 35. Ra4 (35. Rf5 $11) 35... Bd6 (35... Rg4 $15 {feels stronger.} 36. Rxa7 Nc5 (36... Bc5+ 37. Nxc5 Rxa7 38. Nxe6 $11)) 36. Nxd6 $11 Kxd6 37. Rd2+ Kxc6 38. Ne5+ Kb7 $1 39. Rb4+ Ka8 40. Rd6 Rg3+ 41. Kd2 Rg2+ 42. Kd1 Ra2 43. Rc6 Ra5 44. Rxc7 Rd5+ (44... Nxc7 {simplifies} 45. Nxf7 Rf5 46. Nh6 Rc5) 45. Kc1 Nxc7 46. Nxf7 {[%emt 0:00:08][%mdl 4096] Endgame KRN-KRN. Black is a pawn up.} a5 47. Rb2 Ka7 48. Rd2 Rh5 49. Nd6 Nd5 50. Kb2 Ka6 51. Ne4 Ne3 {[%emt 0:02:18] and ...Nc4+ would now be decisive} 52. Rd3 Nc4+ 53. Kb3 Nb6 ({Much weaker is} 53... Nd2+ $6 54. Rxd2 Rb5+ 55. Ka3 $16) 54. Nc3 Rh4 55. Rd6 Kb7 56. Rg6 a4+ 57. Nxa4 Nxa4 {[%emt 0:00:02] KRN-KR} 58. Kc2 Nc5 59. Kc3 Kc7 60. Kd2 Ne4+ 61. Ke3 Nd6 62. Kf3 Kc6 63. Rg8 Kd5 64. Rg5+ Ke6 $1 65. Ra5 Nc4 66. Ra8 Kd5 67. Rd8+ Nd6 68. Ra8 Rh6 69. Ra5+ Kd4 70. Ra4+ Nc4 71. Ra8 Ne5+ 72. Kg3 (72. Ke2 Rh2+ 73. Kd1 Nc6 $19) 72... Rf6 73. Ra4+ Nc4 74. Ra8 Ne3 75. Rd8+ Ke4 76. Re8+ Kd3 77. Ra8 Nc4 78. Rd8+ Ke4 79. Ra8 Rf3+ 80. Kh2 Ne5 81. Kg2 Rf7 82. Re8 Rf5 83. Ra8 Ke3 84. Ra3+ Nd3 85. Ra8 Ne1+ 86. Kh3 Rg5 87. Ra3+ Nd3 {[%emt 0:00:04] The position is equal.} 88. Kh4 Rg1 89. Kh5 Ke4 90. Kh6 Ne5 91. Ra8 Nf7+ 92. Kh7 Kf5 93. Ra2 Ke6 94. Ra6+ Nd6 95. Ra4 {[%emt 0:00:14] Weighted Error Value: White=0.14 (very precise) /Black=0.13 (very precise)   Mistake:       	White=5     	Black=3      Inaccurate:     	White=6     	Black=5      OK:         	White=28    	Black=33     Best:        	White=3     	Black=2      Strong:       	---       	Black=2} ({Better is} 95. Ra5 $1 $11) 1/2-1/2

[Event "European Womens-ch 2025"]
[Site "Rhodes"]
[Date "2025.04.08"]
[Round "8.5"]
[White "Narva, Mai"]
[Black "Arabidze, Meri"]
[Result "1/2-1/2"]
[Annotator "RC"]
[ECO "C45"]
[WhiteElo "2380"]
[BlackElo "2447"]
[PlyCount "80"]
[EventDate "2025.03.29"]
[EventType "swiss"]
[EventCountry "GRE"]
[SourceTitle "playchess.com"]
[Source "ChessBase"]
[SourceQuality "1"]
[TimeControl "40/5400+30:1800+30"]

1. e4 e5 2. Nf3 Nc6 3. d4 exd4 4. Nxd4 Qf6 5. Be3 Bc5 6. c3 Nge7 7. Bb5 Bb6 8. O-O O-O 9. a4 d5 10. Bxc6 bxc6 11. a5 Bc5 12. Nd2 Ba6 13. Re1 Bd6 14. h4 h6 15. h5 Rfd8 16. N4f3 dxe4 17. Nxe4 Qf5 18. Nxd6 Rxd6 19. Nd4 Qf6 20. Qg4 Rd5 21. Bf4 c5 22. Nf3 Bc8 23. Qh4 Qxh4 24. Nxh4 Be6 25. Bxc7 Rxh5 26. Nf3 Rd5 27. a6 Rc8 28. Bg3 Nc6 29. Ne5 Kh7 30. Re4 Nxe5 31. Bxe5 c4 32. Bd4 Rd6 33. Re5 Rcc6 34. Rea5 Bc8 35. Bxa7 Rxa6 36. Rxa6 Bxa6 37. Ra4 Rc6 38. Rb4 Bc8 39. b3 Be6 40. bxc4 Rxc4 1/2-1/2

[Event "European Womens-ch 2025"]
[Site "Rhodes"]
[Date "2025.04.08"]
[Round "8.6"]
[White "Tsolakidou, Stavroula"]
[Black "Daulyte-Cornette, Deimante"]
[Result "1/2-1/2"]
[Annotator "RC"]
[ECO "C70"]
[WhiteElo "2445"]
[BlackElo "2389"]
[PlyCount "138"]
[EventDate "2025.03.29"]
[EventType "swiss"]
[EventCountry "GRE"]
[SourceTitle "playchess.com"]
[Source "ChessBase"]
[SourceQuality "1"]
[TimeControl "40/5400+30:1800+30"]

1. e4 e5 2. Nf3 Nc6 3. Bb5 a6 4. Ba4 Bc5 5. c3 Nge7 6. d4 exd4 7. cxd4 Bb4+ 8. Nc3 d5 9. e5 O-O 10. h3 Ng6 11. O-O Nce7 12. Ne2 f6 13. a3 Ba5 14. Ng3 fxe5 15. dxe5 Nf4 16. Bxf4 Rxf4 17. Bc2 Ng6 18. Ng5 Nf8 19. Qd3 Bb6 20. Nf3 c6 21. Kh2 Ng6 22. Rae1 Be6 23. Qe2 Nh4 24. Nxh4 Qxh4 25. f3 Raf8 26. Qd3 Qh6 27. Ne2 Rh4 28. f4 Bf5 29. Qxf5 Rxf5 30. Bxf5 Rh5 31. Bg4 Rh4 32. Bf5 Rh5 33. Bd7 Be3 34. e6 Kf8 35. Ng3 d4 36. Nxh5 Qxh5 37. f5 Qg5 38. Rf3 Ke7 39. Bc8 b6 40. Bxa6 h5 41. Bd3 h4 42. Ref1 Qf6 43. Kh1 Qe5 44. a4 Kf6 45. b3 Qd5 46. Rb1 Qa5 47. Be4 c5 48. g3 Qd2 49. Rbf1 Bg5 50. gxh4 Bxh4 51. Bd3 Ke7 52. Rg1 Bf6 53. Rb1 Be5 54. Kg1 Qh2+ 55. Kf1 Bg3 56. Be4 Bf4 57. Rd1 Be3 58. Rb1 Kd6 59. Rd1 Qg1+ 60. Ke2 Qg2+ 61. Ke1 Qg1+ 62. Ke2 Qh2+ 63. Ke1 Ke7 64. Rb1 Qd2+ 65. Kf1 Qh2 66. Ke1 Bd2+ 67. Kf1 Be3 68. Ke1 Qh1+ 69. Ke2 Qh2+ 1/2-1/2

[Event "European Womens-ch 2025"]
[Site "Rhodes"]
[Date "2025.04.08"]
[Round "8.7"]
[White "Javakhishvili, Lela"]
[Black "Vega Gutierrez, Sabrina"]
[Result "1-0"]
[Annotator "RC"]
[ECO "A07"]
[WhiteElo "2429"]
[BlackElo "2380"]
[PlyCount "83"]
[EventDate "2025.03.29"]
[EventType "swiss"]
[EventCountry "GRE"]
[SourceTitle "playchess.com"]
[Source "ChessBase"]
[SourceQuality "1"]
[TimeControl "40/5400+30:1800+30"]

1. Nf3 d5 2. b3 Nf6 3. Bb2 Bf5 4. g3 e6 5. Bg2 h6 6. O-O Be7 7. d3 Bh7 8. Nbd2 O-O 9. Re1 a5 10. a3 c6 11. e4 Nbd7 12. Qe2 Qc7 13. Rac1 Rfd8 14. exd5 cxd5 15. Nd4 Qb6 16. a4 Ne8 17. Bxd5 Nf8 18. Nc4 Qc5 19. Bxe6 Bf6 20. b4 axb4 21. Nb3 Qc7 22. Bh3 Bxb2 23. Nxb2 Nd6 24. Qe5 b6 25. Qd4 Qc3 26. Qxc3 bxc3 27. Nd1 Rxa4 28. Nxc3 Ra7 29. Nd5 Rb7 30. Ra1 Kh8 31. Ra6 Bf5 32. Bxf5 Nxf5 33. Rxb6 Rxb6 34. Nxb6 Ne6 35. Kg2 Nfd4 36. Nxd4 Nxd4 37. c3 Nb5 38. c4 Nc3 39. Re3 Rd6 40. c5 Rd4 41. c6 Nb5 42. Re5 1-0

[Event "European Womens-ch 2025"]
[Site "Rhodes"]
[Date "2025.04.08"]
[Round "8.8"]
[White "Roebers, Eline"]
[Black "Ushenina, Anna"]
[Result "0-1"]
[Annotator "RC"]
[ECO "B32"]
[WhiteElo "2367"]
[BlackElo "2428"]
[PlyCount "74"]
[EventDate "2025.03.29"]
[EventType "swiss"]
[EventCountry "GRE"]
[SourceTitle "playchess.com"]
[Source "ChessBase"]
[SourceQuality "1"]
[TimeControl "40/5400+30:1800+30"]

1. e4 c5 2. Nf3 Nc6 3. d4 cxd4 4. Nxd4 e5 5. Nb5 d6 6. N1c3 a6 7. Na3 Be6 8. Nc4 Rb8 9. a4 Nb4 10. Nd5 Bxd5 11. exd5 Nf6 12. g3 Nbxd5 13. Bg2 Nc7 14. Be3 Be7 15. Ba7 Ra8 16. Bb6 Rb8 17. Qd2 d5 18. O-O-O Nd7 19. Bxd5 Nxb6 20. Nxb6 Nxd5 21. Nxd5 O-O 22. Qe2 Bf6 23. Kb1 Re8 24. Rhe1 Re6 25. Qe4 h6 26. c4 Qa5 27. Qc2 b5 28. cxb5 axb5 29. Qc7 Qa8 30. a5 Bd8 31. Qc2 Qxa5 32. Re3 b4 33. Qc4 Bb6 34. Re2 Bd4 35. f4 b3 36. Kc1 Rd8 37. f5 Ree8 0-1

[Event "European Womens-ch 2025"]
[Site "Rhodes"]
[Date "2025.04.08"]
[Round "8.9"]
[White "Mammadova, Gulnar"]
[Black "Beydullayeva, Govhar"]
[Result "1/2-1/2"]
[Annotator "RC"]
[ECO "B52"]
[WhiteElo "2342"]
[BlackElo "2400"]
[PlyCount "29"]
[EventDate "2025.03.29"]
[EventType "swiss"]
[EventCountry "GRE"]
[SourceTitle "playchess.com"]
[Source "ChessBase"]
[SourceQuality "1"]
[TimeControl "40/5400+30:1800+30"]

1. e4 c5 2. Nf3 d6 3. Bb5+ Bd7 4. Bxd7+ Nxd7 5. O-O e6 6. Qe2 Be7 7. c3 Ngf6 8. d4 O-O 9. Rd1 cxd4 10. cxd4 b5 11. e5 dxe5 12. dxe5 Nd5 13. Qxb5 Rb8 14. Qe2 Qc7 15. Nc3 1/2-1/2

[Event "European Womens-ch 2025"]
[Site "Rhodes"]
[Date "2025.04.08"]
[Round "8.10"]
[White "Maltsevskaya, Aleksandra"]
[Black "Smietanska, Wiktoria"]
[Result "1-0"]
[Annotator "RC"]
[ECO "B40"]
[WhiteElo "2376"]
[BlackElo "2254"]
[PlyCount "99"]
[EventDate "2025.03.29"]
[EventType "swiss"]
[EventCountry "GRE"]
[SourceTitle "playchess.com"]
[Source "ChessBase"]
[SourceQuality "1"]
[TimeControl "40/5400+30:1800+30"]

1. e4 c5 2. b3 Nf6 3. e5 Nd5 4. Nf3 Nc6 5. Bb2 e6 6. g3 Be7 7. c4 Ndb4 8. a3 Na6 9. Bg2 O-O 10. O-O f6 11. exf6 Bxf6 12. Bxf6 Qxf6 13. Nc3 Nd4 14. Nxd4 cxd4 15. Ne4 Qe7 16. f4 d5 17. cxd5 exd5 18. Ng5 Nc7 19. Re1 Qd6 20. b4 Bf5 21. Rc1 Rfe8 22. Qb3 Rxe1+ 23. Rxe1 Rd8 24. Re5 g6 25. h3 Qc6 26. Kh2 Bc2 27. Qb2 Qc4 28. Re7 Re8 29. Rxe8+ Nxe8 30. Bxd5+ Qxd5 31. Qxc2 Kg7 32. Qc8 Nf6 33. Qe6 Qxe6 34. Nxe6+ Kf7 35. Nxd4 Ne4 36. Nf3 Ke7 37. Kg2 Kd6 38. d3 Nc3 39. Ng5 Nb1 40. a4 Kd5 41. Nxh7 Nc3 42. Nf8 Nxa4 43. Nxg6 Nb2 44. Ne5 b6 45. h4 a5 46. bxa5 bxa5 47. h5 Ke6 48. h6 Kf6 49. g4 a4 50. g5+ 1-0

[Event "European Womens-ch 2025"]
[Site "Rhodes"]
[Date "2025.04.08"]
[Round "8.11"]
[White "Avramidou, Anastasia"]
[Black "Socko, Monika"]
[Result "1-0"]
[Annotator "RC"]
[ECO "B10"]
[WhiteElo "2275"]
[BlackElo "2369"]
[PlyCount "57"]
[EventDate "2025.03.29"]
[EventType "swiss"]
[EventCountry "GRE"]
[SourceTitle "playchess.com"]
[Source "ChessBase"]
[SourceQuality "1"]
[TimeControl "40/5400+30:1800+30"]

1. e4 c6 2. Nf3 d5 3. d3 dxe4 4. dxe4 Qxd1+ 5. Kxd1 Bg4 6. Be2 Nf6 7. Nbd2 Bxf3 8. gxf3 e5 9. Nc4 Nbd7 10. c3 Nh5 11. Kc2 f6 12. Rd1 O-O-O 13. Be3 b6 14. a4 Nf4 15. Bf1 Be7 16. a5 Kb7 17. axb6 axb6 18. Ra2 c5 19. Na3 Nb8 20. Rda1 Nc6 21. Nc4 Bd6 22. b4 cxb4 23. Bxb6 Rd7 24. Be3 Bb8 25. Na5+ Nxa5 26. Rxa5 Rd6 27. Rb5+ Kc7 28. Rxb4 Rhd8 29. Rab1 1-0

[Event "European Womens-ch 2025"]
[Site "Rhodes"]
[Date "2025.04.08"]
[Round "8.12"]
[White "Kiolbasa, Oliwia"]
[Black "Jarocka, Liwia"]
[Result "*"]
[Annotator "RC"]
[ECO "A08"]
[WhiteElo "2360"]
[BlackElo "2231"]
[PlyCount "52"]
[EventDate "2025.03.29"]
[EventType "swiss"]
[EventCountry "GRE"]
[SourceTitle "playchess.com"]
[Source "ChessBase"]
[SourceQuality "1"]
[TimeControl "40/5400+30:1800+30"]

1. Nf3 d5 2. g3 Nf6 3. Bg2 e6 4. O-O c5 5. d3 Nc6 6. a4 Be7 7. Bf4 O-O 8. e4 dxe4 9. dxe4 Qxd1 10. Rxd1 Nxe4 11. Ne5 Nxe5 12. Bxe5 Nf6 13. Nc3 a5 14. Nb5 Ra6 15. Ra3 Ne8 16. Rc3 f6 17. Bf4 g5 18. Be3 b6 19. Rcd3 Ng7 20. Rd7 Bxd7 21. Rxd7 Nf5 22. g4 Nxe3 23. fxe3 Kf7 24. Nd6+ Kg8 25. Rxe7 b5 26. Nxb5 Rd8 *

[Event "European Womens-ch 2025"]
[Site "Rhodes"]
[Date "2025.04.08"]
[Round "8.13"]
[White "Savina, Anastasia"]
[Black "Urh, Zala"]
[Result "1/2-1/2"]
[Annotator "RC"]
[ECO "E49"]
[WhiteElo "2331"]
[BlackElo "2244"]
[PlyCount "101"]
[EventDate "2025.03.29"]
[EventType "swiss"]
[EventCountry "GRE"]
[SourceTitle "playchess.com"]
[Source "ChessBase"]
[SourceQuality "1"]
[TimeControl "40/5400+30:1800+30"]

1. d4 Nf6 2. c4 e6 3. Nc3 Bb4 4. e3 O-O 5. Bd3 d5 6. a3 Bxc3+ 7. bxc3 dxc4 8. Bxc4 c5 9. Ne2 Qc7 10. Bd3 Nc6 11. O-O e5 12. Ng3 Be6 13. f4 exd4 14. cxd4 Rad8 15. Rb1 a6 16. h3 cxd4 17. e4 Nd7 18. Qc2 Rc8 19. e5 Ncxe5 20. Bxh7+ Kh8 21. Qd1 Kxh7 22. fxe5 Qxe5 23. Rf4 Kg8 24. Kh2 Nf6 25. Qxd4 Qxd4 26. Rxd4 Rc2 27. Bg5 b5 28. Bxf6 gxf6 29. Rf1 Rfc8 30. Nf5 Kf8 31. Rh4 Bxf5 32. Rxf5 R8c6 33. a4 Rb2 34. axb5 axb5 35. Rhf4 b4 36. Rxf6 Rxf6 37. Rxf6 b3 38. Rb6 Rb1 39. Kg3 Kg7 40. Kh4 b2 41. Kh5 f5 42. Kg5 Kf7 43. h4 f4 44. Kf5 Kg7 45. h5 Rh1 46. Rb7+ Kh6 47. Rxb2 Rxh5+ 48. Kxf4 Ra5 49. Rb6+ Kg7 50. g4 Rc5 51. g5 1/2-1/2

[Event "European Womens-ch 2025"]
[Site "Rhodes"]
[Date "2025.04.08"]
[Round "8.14"]
[White "Unuk, Laura"]
[Black "Velikic, Adela"]
[Result "0-1"]
[Annotator "RC"]
[ECO "D02"]
[WhiteElo "2301"]
[BlackElo "2214"]
[PlyCount "60"]
[EventDate "2025.03.29"]
[EventType "swiss"]
[EventCountry "GRE"]
[SourceTitle "playchess.com"]
[Source "ChessBase"]
[SourceQuality "1"]
[TimeControl "40/5400+30:1800+30"]

1. d4 d5 2. Bf4 e6 3. e3 Bd6 4. Nf3 Bxf4 5. exf4 Qd6 6. Qd2 Nf6 7. Bd3 b6 8. Ne5 O-O 9. Nc3 c5 10. h4 Ba6 11. Bxa6 Nxa6 12. O-O-O Rfc8 13. h5 cxd4 14. Qxd4 Qc5 15. f3 Nb4 16. h6 Nxa2+ 17. Kb1 Qxd4 18. Rxd4 Nxc3+ 19. bxc3 Rxc3 20. hxg7 Kxg7 21. g4 Rd8 22. Kb2 Rc7 23. Rd2 Nd7 24. Nxf7 Kxf7 25. Rxh7+ Ke8 26. g5 Rdc8 27. g6 Nf6 28. Rdh2 Kf8 29. c3 Nxh7 30. gxh7 Kg7 0-1

[Event "European Womens-ch 2025"]
[Site "Rhodes"]
[Date "2025.04.08"]
[Round "8.15"]
[White "Radeva, Viktoria"]
[Black "Rodshtein, Tereza"]
[Result "1-0"]
[Annotator "RC"]
[ECO "C47"]
[WhiteElo "2297"]
[BlackElo "2171"]
[PlyCount "73"]
[EventDate "2025.03.29"]
[EventType "swiss"]
[EventCountry "GRE"]
[SourceTitle "playchess.com"]
[Source "ChessBase"]
[SourceQuality "1"]
[TimeControl "40/5400+30:1800+30"]

1. e4 e5 2. Nf3 Nc6 3. Nc3 Nf6 4. a3 d5 5. Bb5 dxe4 6. Nxe5 Qd6 7. d4 exd3 8. O-O Be6 9. Bf4 Qc5 10. Qxd3 Rd8 11. Qe2 a6 12. Nxc6 bxc6 13. Be3 Qd6 14. Rad1 axb5 15. Rxd6 Bxd6 16. Bg5 O-O 17. Bxf6 gxf6 18. Ne4 Be7 19. Qf3 f5 20. Qg3+ Kh8 21. Qe5+ Kg8 22. Qxc7 fxe4 23. Qxe7 Rd5 24. h4 Rfd8 25. Re1 Rd1 26. Rxd1 Rxd1+ 27. Kh2 Bd5 28. Qg5+ Kf8 29. h5 Rf1 30. h6 Ke8 31. Qf5 Ke7 32. b3 Kd6 33. c4 bxc4 34. bxc4 Bxc4 35. Qxe4 Bd5 36. Qxh7 Rxf2 37. Qg7 1-0

[Event "European Womens-ch 2025"]
[Site "Rhodes"]
[Date "2025.04.08"]
[Round "8.16"]
[White "Karacsonyi, Kata"]
[Black "Doluhanova, Evgeniya"]
[Result "0-1"]
[Annotator "RC"]
[ECO "C84"]
[WhiteElo "2198"]
[BlackElo "2287"]
[PlyCount "108"]
[EventDate "2025.03.29"]
[EventType "swiss"]
[EventCountry "GRE"]
[SourceTitle "playchess.com"]
[Source "ChessBase"]
[SourceQuality "1"]
[TimeControl "40/5400+30:1800+30"]

1. e4 e5 2. Nf3 Nc6 3. Bb5 Nf6 4. d3 d6 5. c3 Be7 6. O-O O-O 7. Re1 Bd7 8. Nbd2 a6 9. Ba4 b5 10. Bc2 Re8 11. Nf1 Bf8 12. Ng3 g6 13. a4 Rb8 14. axb5 axb5 15. d4 Bg7 16. Bb3 exd4 17. cxd4 Bg4 18. Be3 Nh5 19. Nxh5 Bxh5 20. Bxf7+ Kxf7 21. Qb3+ Kf8 22. Ng5 d5 23. exd5 Nxd4 24. Bxd4 Qxg5 25. Bc5+ Kg8 26. d6+ Kh8 27. dxc7 Qxc5 28. cxb8=Q Rxb8 29. Qf7 Qf8 30. Qd7 g5 31. Qd5 Bg6 32. Re2 Qd8 33. Rd1 Qxd5 34. Rxd5 b4 35. Rxg5 Bd3 36. Re1 Bxb2 37. Rd5 Bg6 38. f4 Bc3 39. Rc1 Be4 40. Rdd1 Ra8 41. Kf2 Ra2+ 42. Ke3 Bxg2 43. f5 Kg7 44. Rd6 Kf7 45. Rb1 Bh3 46. Rb6 Bxf5 47. Rf1 Ra5 48. h4 Ke7 49. h5 Bd7 50. h6 Re5+ 51. Kf3 Rf5+ 52. Kg2 Rg5+ 53. Kf3 Bg4+ 54. Kg3 Be2+ 0-1

[Event "European Womens-ch 2025"]
[Site "Rhodes"]
[Date "2025.04.08"]
[Round "8.17"]
[White "Toncheva, Nadya"]
[Black "Khachatryan, Anna"]
[Result "1-0"]
[Annotator "RC"]
[ECO "B22"]
[WhiteElo "2329"]
[BlackElo "2091"]
[PlyCount "75"]
[EventDate "2025.03.29"]
[EventType "swiss"]
[EventCountry "GRE"]
[SourceTitle "playchess.com"]
[Source "ChessBase"]
[SourceQuality "1"]
[TimeControl "40/5400+30:1800+30"]

1. e4 c5 2. Nf3 e6 3. c3 d5 4. exd5 Qxd5 5. d4 Nf6 6. Bd3 Be7 7. O-O O-O 8. Be3 cxd4 9. cxd4 Nc6 10. Nc3 Qa5 11. a3 Nd5 12. Rc1 Nxc3 13. Rxc3 Bf6 14. Rc5 Qd8 15. Bb1 Ne7 16. Qc2 g6 17. Bh6 Re8 18. Qe4 Nf5 19. Be3 Nd6 20. Qf4 b6 21. Rc6 Nf5 22. Rfc1 Bb7 23. R6c3 Bxf3 24. Qxf3 Nxd4 25. Qg4 h5 26. Qd1 Nf5 27. Rd3 Nxe3 28. fxe3 Qb8 29. Qf3 Qe5 30. Rf1 Kg7 31. Rd4 g5 32. Re4 Qxb2 33. Rb4 Qc3 34. Rb3 Qe5 35. Rb5 g4 36. Qf2 Qc3 37. Rxh5 Rh8 38. Rg5+ 1-0

[Event "European Womens-ch 2025"]
[Site "Rhodes"]
[Date "2025.04.08"]
[Round "8.18"]
[White "Kulon, Klaudia"]
[Black "Wikar, Martyna"]
[Result "1-0"]
[Annotator "RC"]
[ECO "B30"]
[WhiteElo "2401"]
[BlackElo "2239"]
[PlyCount "119"]
[EventDate "2025.03.29"]
[EventType "swiss"]
[EventCountry "GRE"]
[SourceTitle "playchess.com"]
[Source "ChessBase"]
[SourceQuality "1"]
[TimeControl "40/5400+30:1800+30"]

1. e4 c5 2. Nf3 Nc6 3. Nc3 e5 4. Bc4 Be7 5. d3 d6 6. Nd2 Nf6 7. Nf1 Bg4 8. f3 Be6 9. Ne3 a6 10. a4 Nb4 11. Qe2 O-O 12. O-O Re8 13. Bd2 Bf8 14. a5 d5 15. exd5 Nfxd5 16. Nexd5 Nxd5 17. Nxd5 Bxd5 18. Bxd5 Qxd5 19. Ra4 Re6 20. Bc3 Rae8 21. Re1 f5 22. g4 Rg6 23. h3 h5 24. Qg2 Qd7 25. Rc4 e4 26. dxe4 fxg4 27. hxg4 hxg4 28. e5 g3 29. b3 Qf5 30. Rh4 Be7 31. Qh3 Qxh3 32. Rxh3 Kf7 33. Kg2 Ke6 34. f4 Rf8 35. Rf1 Rg4 36. Bd2 Rf5 37. Rh8 Rh4 38. Rxh4 Bxh4 39. Rh1 g5 40. Kf3 Rf8 41. c4 Rg8 42. Kg2 gxf4 43. Rxh4 f3+ 44. Kxf3 g2 45. Rh6+ Kd7 46. Be3 g1=Q 47. Bxg1 Rxg1 48. Ke4 Rd1 49. Rb6 Kc7 50. e6 Ra1 51. Kd5 Re1 52. Kxc5 Re5+ 53. Kd4 Re1 54. c5 Rd1+ 55. Ke5 Re1+ 56. Kf6 Rf1+ 57. Ke7 Rf3 58. b4 Rf4 59. Ke8 Rf5 60. e7 1-0

[Event "European Womens-ch 2025"]
[Site "Rhodes"]
[Date "2025.04.08"]
[Round "8.19"]
[White "Krasteva, Beloslava"]
[Black "Guichard, Pauline"]
[Result "1-0"]
[Annotator "RC"]
[ECO "E29"]
[WhiteElo "2257"]
[BlackElo "2355"]
[PlyCount "79"]
[EventDate "2025.03.29"]
[EventType "swiss"]
[EventCountry "GRE"]
[SourceTitle "playchess.com"]
[Source "ChessBase"]
[SourceQuality "1"]
[TimeControl "40/5400+30:1800+30"]

1. d4 Nf6 2. c4 e6 3. Nc3 Bb4 4. e3 O-O 5. a3 Bxc3+ 6. bxc3 c5 7. Bd3 Nc6 8. Rb1 b6 9. e4 d5 10. cxd5 exd5 11. e5 Ne4 12. Ne2 f6 13. f3 Ng5 14. O-O Ne6 15. f4 f5 16. Be3 Rb8 17. Kh1 Kh8 18. Rg1 cxd4 19. cxd4 Ne7 20. Nc3 Bd7 21. Qb3 Bc6 22. Nb5 Bxb5 23. Bxb5 Rc8 24. Rgc1 Rxc1+ 25. Rxc1 g5 26. fxg5 f4 27. Bf2 Nf5 28. Bd3 f3 29. gxf3 Nfxd4 30. Bxd4 Nxd4 31. Qb4 Ne6 32. Qh4 Qe7 33. Qh6 Rg8 34. Qf6+ Qxf6 35. gxf6 Nc5 36. Bf5 Rg5 37. e6 Kg8 38. Bxh7+ Kf8 39. e7+ Ke8 40. Re1 1-0

[Event "European Womens-ch 2025"]
[Site "Rhodes"]
[Date "2025.04.08"]
[Round "8.20"]
[White "Zawadzka, Jolanta"]
[Black "Schneider, Jana"]
[Result "1/2-1/2"]
[Annotator "RC"]
[ECO "C84"]
[WhiteElo "2326"]
[BlackElo "2251"]
[PlyCount "72"]
[EventDate "2025.03.29"]
[EventType "swiss"]
[EventCountry "GRE"]
[SourceTitle "playchess.com"]
[Source "ChessBase"]
[SourceQuality "1"]
[TimeControl "40/5400+30:1800+30"]

1. e4 e5 2. Nf3 Nc6 3. Bb5 a6 4. Ba4 Nf6 5. O-O Be7 6. d3 d6 7. c3 O-O 8. Re1 Re8 9. Nbd2 Bf8 10. h3 b5 11. Bb3 Na5 12. Bc2 c5 13. d4 cxd4 14. cxd4 exd4 15. Nxd4 Bb7 16. b3 Nc6 17. Nxc6 Bxc6 18. Bb2 Rc8 19. Qf3 Nd7 20. Rad1 Qg5 21. Nf1 d5 22. h4 Qxh4 23. exd5 Rxe1 24. Rxe1 Bxd5 25. Bxh7+ Qxh7 26. Qxd5 Nc5 27. Re3 Qc2 28. Qh5 Rc6 29. Rf3 Rg6 30. Bd4 Ne6 31. Be3 Bc5 32. Bd2 Qe4 33. Qf5 Qxf5 34. Rxf5 Rg4 35. g3 Re4 36. Ne3 Rd4 1/2-1/2